 Dungeon Sprint DCSS version 0.17-a0-2024-gc284f19 (webtiles) character file.

499 Ordine the Unseen (level 6, -15/28 HPs)
             Began as a Spriggan Enchanter on Oct 10, 2015.
             Demolished by a polar bear (17 damage)
             ... in the Dungeon (Sprint II: "The Violet Keep of Menkaure").
             The game lasted 00:04:10 (366 turns).

Ordine the Unseen (Spriggan Enchanter)               Turns: 366, Time: 00:04:12

Health: -15/28     AC:  3    Str:  4    XL:     6   Next: 94%
Magic:  11/11      EV: 18    Int: 18    God:
Gold:   257        SH:  0    Dex: 17    Spells: 4 memorised, 1 level left

rFire  . . .     SeeInvis +     a - +1 dagger
rCold  . . .     Clarity  .     b - +1 robe
rNeg   . . .     SustAt   .     (shield restricted)
rPois  .         Gourm    .     (helmet restricted)
rElec  .         Spirit   .     (no cloak)
rCorr  .         Warding  .     (gloves unavailable)
rMut   .         NoTele   +     (boots unavailable)
MR     +....                    (no amulet)
Stlth  +++++++++.               (no ring)
                                (no ring)

@: hasted, very quick, somewhat resistant to hostile enchantments, incredibly
stealthy
A: unfitting armour, see invisible, herbivore 3, speed 3, slow metabolism 2
a: no special abilities


You were in the Dungeon.
You were not hungry.

You visited 1 branch You collected 972 gold pieces.
You spent 715 gold pieces at shops.

Inventory:

Hand Weapons
 a - a +1 dagger (weapon)
Armour
 b - a +1 robe (worn)
Scrolls
 j - a scroll of blinking
Potions
 e - a potion of curing
 h - a potion of magic
Books
 c - a book of Spatial Translocations

   Spells                             Type                      Level
   a - Apportation                    Translocation                1
   b - Blink                          Translocation                2
   c - Shroud of Golubria             Charms/Translocation         2
   d - Portal Projectile              Translocation                3
   e - Teleport Other                 Translocation                3
   f - Passage of Golubria            Translocation                4
Comestibles
 d - a bread ration


   Skills:
 + Level 6.1 Short Blades
 - Level 3.0 Dodging
 - Level 19.5 Stealth
 - Level 2.6 Spellcasting
 - Level 3.6 Hexes


You had one spell level left.
You knew the following spells:

 Your Spells              Type           Power        Failure   Level  Hunger
a - Corona                Hex            ###....      4%          1    #......
b - Ensorcelled Hibernat  Hex/Ice        #.....       14%         2    ##.....
c - Confuse               Hex            ###.....     14%         3    ###....
d - Dazzling Spray        Conj/Hex       #.......     30%         3    ###....


Dungeon Overview and Level Annotations

Branches:
Dungeon (1/1)

Altars:
Cheibriados
Dithmenos
Elyvilon
Fedhas
Gozag
Makhleb
Nemelex Xobeh
Okawaru
Qazlal
Ru
Sif Muna
Trog
Vehumet
Xom
Yredelemnul
Zin
The Shining One
Beogh
Jiyva
Lugonu

Shops:
D %!:=[}!!=[(?[(::

Annotations:
D exclusion: oklob plant


Innate Abilities, Weirdness & Mutations

You are tiny and cannot use many weapons and most armour.
You have supernaturally acute eyesight.
You are a herbivore.
You cover ground extremely quickly.
You need consume almost no food.


Message History

A polar bear comes into view.
Found a scroll labeled URUZXEUFRU.
Found a burning altar of Makhleb and a shimmering altar of Xom.
A wasp and a yaktaur come into view.
Found 81 gold pieces. 2 polar bears come into view.
The polar bear growls angrily.
The yaktaur shouts!
The polar bear growls angrily.
The polar bear closely misses you. x2
The polar bear claws you. The polar bear closely misses you.
The polar bear misses you. The polar bear barely misses you.
Drink which item? (? for menu, Esc to quit)
You feel yourself speed up. The polar bear bites you!!
Ouch! That really hurt!
* * * LOW HITPOINT WARNING * * *
The polar bear claws you.
* * * LOW HITPOINT WARNING * * *
The polar bear completely misses you. The polar bear bites you!
Ouch! That really hurt!
You die...

+++## ....# ##..#
###.#### +.### ..#....#
...#### †####..##
#..##c# ###.##..#
+..#hy# ##...#..#
#..#hh#
.'.#.+..####..##@# ?
##...#....###...##▓▓▓▓
###.##.§.§..≈≈≈≈≈≈≈≈≈≈≈
.####≈≈...§§§#'########
..#≈≈≈≈§≈≈§.≈#..._._._#
###≈≈§≈≈≈§≈.≈#.._._._.#
##§≈§≈§≈§≈≈§≈#._._._._#
≈≈≈≈≈≈§≈≈≈≈≈≈#_._._._.#
§''#≈§≈§§≈§≈≈#._._._..#


You could see 3 polar bears, a yaktaur and a wasp.

Vanquished Creatures
  Menkaure (D)
  A crocodile (D)
  4 brain worms (D)
  4 worker ants (D)
  3 worms (D)
13 creatures vanquished.

Vanquished Creatures (others)
  A siren (D)
1 creature vanquished.

Grand Total: 14 creatures vanquished

Notes
Turn   | Place    | Note
--------------------------------------------------------------
     0 | D        | Ordine the Spriggan Enchanter began the quest for the Orb.
     0 | D        | Reached XP level 1. HP: 9/9 MP: 5/5
     1 | D        | Noticed a brain worm
     1 | D        | Noticed a brain worm
     1 | D        | Noticed a brain worm
     1 | D        | Noticed a brain worm
     4 | D        | Killed a brain worm
     4 | D        | Reached skill level 12 in Stealth
     4 | D        | Reached XP level 2. HP: 13/13 MP: 6/6
     4 | D        | Reached XP level 3. HP: 16/16 MP: 8/8
    13 | D        | Killed a brain worm
    13 | D        | Reached skill level 14 in Stealth
    13 | D        | Reached XP level 4. HP: 19/21 MP: 9/9
    18 | D        | Killed a brain worm
    18 | D        | Reached skill level 16 in Stealth
    18 | D        | Reached XP level 5. HP: 20/24 MP: 10/10
    21 | D        | Killed a brain worm
    21 | D        | Reached skill level 18 in Stealth
    21 | D        | Reached XP level 6. HP: 23/28 MP: 11/11
    59 | D        | Learned a level 2 spell: Ensorcelled Hibernation
    63 | D        | Learned a level 3 spell: Confuse
    67 | D        | Learned a level 3 spell: Dazzling Spray
    73 | D        | Noticed Menkaure
    77 | D        | Noticed a worker ant
    77 | D        | Noticed a worker ant
    78 | D        | Noticed a worker ant
    78 | D        | Noticed a worker ant
    80 | D        | Killed Menkaure
    84 | D        | Killed a worker ant
    84 | D        | Reached skill level 19 in Stealth
    86 | D        | Killed a worker ant
    88 | D        | Killed a worker ant
   101 | D        | Killed a worker ant
   222 | D        | Noticed a siren
   252 | D        | Killed a siren
   254 | D        | Found Geploku's Antique Weapon Shoppe.
   254 | D        | Found Ewko's Book Shoppe.
   254 | D        | Found Buyfoits's Magic Scroll Emporium.
   254 | D        | Found Jeicif's Antique Armour Emporium.
   254 | D        | Found Cajeogei's Antique Armour Shoppe.
   254 | D        | Found Plog's Antique Weapon Shoppe.
   255 | D        | Found Busawana's Jewellery Shoppe.
   255 | D        | Found Nusattot's Distillery.
   256 | D        | Found Sakosura's Distillery.
   256 | D        | Found Waudiphu's Gadget Emporium.
   257 | D        | Found Sificza's Book Emporium.
   257 | D        | Noticed a hell hog
   258 | D        | Found Obuorer's Antique Armour Shoppe.
   258 | D        | Found Viniser's Jewellery Emporium.
   258 | D        | Noticed a crocodile
   258 | D        | Noticed a hell hog
   258 | D        | Noticed an oklob plant
   259 | D        | Found Timakkem's Distillery.
   259 | D        | Found Rufiph's Food Emporium.
   259 | D        | Found Lacsaneq's Book Shoppe.
   260 | D        | Bought a book of Spatial Translocations for 715 gold pieces
   275 | D        | Killed a crocodile
   338 | D        | Noticed a flying skull
   338 | D        | Noticed a flying skull
   338 | D        | Noticed a flying skull
   338 | D        | Noticed a flying skull
   338 | D        | Noticed a flying skull
   339 | D        | Noticed a flying skull
   339 | D        | Noticed a flying skull
   339 | D        | Noticed a flying skull
   339 | D        | Noticed a flying skull
   340 | D        | Noticed a flying skull
   340 | D        | Noticed a flying skull
   341 | D        | Noticed a flying skull
   356 | D        | Found a bloodstained altar of Trog.
   357 | D        | Found a stormy altar of Qazlal.
   357 | D        | Found a basalt altar of Yredelemnul.
   358 | D        | Found a blossoming altar of Fedhas.
   358 | D        | Found a glowing silver altar of Zin.
   359 | D        | Found a sacrificial altar of Ru.
   359 | D        | Found a corrupted altar of Lugonu.
   359 | D        | Found a shadowy altar of Dithmenos.
   359 | D        | Found a viscous altar of Jiyva.
   359 | D        | Found a roughly hewn altar of Beogh.
   360 | D        | Found a snail-covered altar of Cheibriados.
   360 | D        | Found a radiant altar of Vehumet.
   360 | D        | Found a glowing golden altar of the Shining One.
   361 | D        | Found a deep blue altar of Sif Muna.
   361 | D        | Found a sparkling altar of Nemelex Xobeh.
   361 | D        | Found an iron altar of Okawaru.
   362 | D        | Found a white marble altar of Elyvilon.
   362 | D        | Found an opulent altar of Gozag.
   363 | D        | Found a burning altar of Makhleb.
   363 | D        | Found a shimmering altar of Xom.
   363 | D        | Noticed a polar bear
   364 | D        | Noticed a yaktaur
   364 | D        | Noticed a wasp
   365 | D        | Noticed a polar bear
   365 | D        | Noticed a polar bear
   366 | D        | Demolished by a polar bear

Vault maps used:
D:        the_violet_keep_of_menkaure

Action                   |  1- 3 |  4- 6 || total
-------------------------+-------+-------++-------
Melee: Dagger            |    10 |    26 ||    36
 Cast: Ensorcelled Hiber |       |    10 ||    10
       Confuse           |       |     1 ||     1
  Use: Potion            |     1 |     3 ||     4
 Stab: Sleeping          |     1 |     8 ||     9
       Confused          |       |     1 ||     1
